[Event "Titled Tuesday Blitz January 03 Early 2023"]
[White "Iskusnyh, Sergei"]
[Black "Lavrik, Dmitry"]
[WhiteFideId "4120027"]
[BlackFideId "24113190"]
[WhiteElo "2440"]
[BlackElo "2414"]
[Result "1-0"]
[Round "06"]
[TimeControl "180+2"]
[Date "2023.01.03"]
[WhiteClock "0:00:20"]
[BlackClock "0:00:06"]

1. e4 c5 2. Nf3 g6 3. d4 cxd4 4. Qxd4 Nf6 5. Nc3 Nc6 6. Qa4 d6 7. e5 dxe5 8. Nxe5 Bg7 9. Nxc6 bxc6 10. Be2 O-O 11. O-O Nd5 12. Nxd5 cxd5 13. Qh4 e5 14. Bg5 Qb6 15. b3 Bf5 16. c4 d4 17. Rad1 e4 18. Bg4 h6 19. Be7 Rfe8 20. Bxf5 gxf5 21. c5 Qg6 22. Bd6 d3 23. Rfe1 Bd4 24. b4 Kh7 25. Bf4 Rg8 26. g3 Qe6 27. Rxd3 Rg4 28. Qxg4 fxg4 29. Rxd4 Qxa2 30. Rdxe4 a5 31. bxa5 Rxa5 32. c6 Rc5 33. c7 h5 34. Re8 Qc4 35. R1e4 Qd5 36. R4e5 Qd1+ 37. Re1 Qc2 38. Kg2 h4 39. gxh4 Qc3 40. Bg3 Qf3+ 41. Kg1 Qc3 42. h5 Kh6 43. R8e3 Qc4 44. Re4 Qc3 45. Bf4+ Kxh5 46. Re5+ Kg6 47. Rxc5 Qxc5 48. Rc1 1-0


[Site "https://www.chess.com"]

[Event "Titled Tuesday Blitz January 03 Early 2023"]
[White "Bodnaruk, Anastasia"]
[Black "Rakhmatullaev, Almas"]
[WhiteFideId "4181751"]
[BlackFideId "14205793"]
[WhiteElo "2350"]
[BlackElo "2275"]
[Result "1-0"]
[Round "06"]
[TimeControl "180+2"]
[Date "2023.01.03"]
[WhiteClock "0:00:10"]
[BlackClock "0:00:04"]

1. e4 e5 2. Nf3 Nf6 3. Nxe5 Nxe4 4. Qe2 Qe7 5. Qxe4 d6 6. d4 dxe5 7. dxe5 Nc6 8. Bb5 Bd7 9. O-O O-O-O 10. Re1 f5 11. exf6 Qxe4 12. Rxe4 Bf5 13. Re1 Nd4 14. fxg7 Bxg7 15. Na3 Bf8 16. c3 Ne6 17. Bc4 a6 18. g4 Rg8 19. Kf1 Bxg4 20. Bxe6+ Bxe6 21. Rxe6 Bd6 22. Be3 Bxh2 23. Ke2 Bd6 24. Nc4 Bf8 25. Rh1 Rg4 26. Ne5 Re4 27. Rxh7 Bd6 28. Rh5 Rf8 29. Kd3 Ra4 30. Nc4 b5 31. Nxd6+ cxd6 32. Rxd6 Ra3 33. bxa3 1-0


[Site "https://www.chess.com"]

[Event "Titled Tuesday Blitz January 03 Early 2023"]
[White "Aggelis, Nikolaos"]
[Black "Concio, Michael Jr."]
[WhiteFideId "4213220"]
[BlackFideId "5217873"]
[WhiteElo "2270"]
[BlackElo "2395"]
[Result "1/2-1/2"]
[Round "06"]
[TimeControl "180+2"]
[Date "2023.01.03"]
[WhiteClock "0:02:36"]
[BlackClock "0:02:35"]

1. Nf3 d5 2. g3 Nf6 3. Bg2 c5 4. O-O Nc6 5. d4 cxd4 6. Nxd4 e5 7. Nxc6 bxc6 8. c4 Be6 9. Nc3 Be7 10. cxd5 cxd5 11. Qa4+ Bd7 12. Qa6 Be6 13. Qa4+ Bd7 14. Qa6 e4 15. Rd1 Be6 16. Qa4+ Bd7 17. Qa6 Be6 18. Qa4+ Bd7 19. Qa6 1/2-1/2


[Site "https://www.chess.com"]

[Event "Titled Tuesday Blitz January 03 Early 2023"]
[White "Aradhya, Garg"]
[Black "Murtazin, Ruslan"]
[WhiteFideId "25006746"]
[BlackFideId "24175960"]
[WhiteElo "2284"]
[BlackElo "2247"]
[Result "1-0"]
[Round "06"]
[TimeControl "180+2"]
[Date "2023.01.03"]
[WhiteClock "0:00:13"]
[BlackClock "0:00:02"]

1. d4 Nf6 2. c4 c5 3. d5 e6 4. Nf3 exd5 5. cxd5 d6 6. e4 g6 7. Bd3 a6 8. a4 Bg7 9. Na3 Bg4 10. O-O O-O 11. Nc4 Ne8 12. a5 Nd7 13. Bf4 Qc7 14. Rc1 b5 15. axb6 Nxb6 16. b4 Nd7 17. h3 Bxf3 18. Qxf3 Rb8 19. Qg3 Rxb4 20. Nxd6 Qa7 21. Nc4 Nef6 22. Qf3 Re8 23. Rfe1 Nh5 24. Bd6 Bd4 25. e5 Ng7 26. e6 fxe6 27. dxe6 Nf6 28. Be5 Qe7 29. Na5 Bxe5 30. Rxe5 Ra4 31. Nc6 Qd6 32. Qxf6 Qxc6 33. Qf7+ Kh8 34. e7 Rd4 35. Qf8+ 1-0


[Site "https://www.chess.com"]

[Event "Titled Tuesday Blitz January 03 Early 2023"]
[White "Vaibhav, Suri"]
[Black "Parpiev, Isaak"]
[WhiteFideId "5045185"]
[BlackFideId "34281576"]
[WhiteElo "2595"]
[BlackElo "2167"]
[Result "1-0"]
[Round "06"]
[TimeControl "180+2"]
[Date "2023.01.03"]
[WhiteClock "0:00:41"]
[BlackClock "0:00:12"]

1. c4 Nf6 2. Nc3 e6 3. a3 d5 4. d4 c6 5. e3 Bd6 6. Nf3 O-O 7. Qc2 Nbd7 8. Be2 b6 9. cxd5 exd5 10. b4 Bb7 11. Bb2 b5 12. O-O Nb6 13. e4 dxe4 14. Nxe4 Nxe4 15. Qxe4 Re8 16. Qc2 Nd5 17. Ne5 Rc8 18. Bf3 f6 19. Nd3 Rc7 20. Rfe1 Rxe1+ 21. Rxe1 Re7 22. Rc1 a5 23. bxa5 Qxa5 24. Qb3 Qa4 25. Qxa4 bxa4 26. g3 Kf7 27. Rc4 Nb6 28. Rc2 Ba6 29. Rc3 Nd5 30. Rxc6 Bxd3 31. Bxd5+ Kg6 32. Rxd6 Re1+ 33. Kg2 Rb1 34. Rb6 h5 35. h4 Bf1+ 36. Kf3 1-0


[Site "https://www.chess.com"]

[Event "Titled Tuesday Blitz January 03 Early 2023"]
[White "Aghasiyev, Kamal"]
[Black "Subelj, Jan"]
[WhiteFideId "13402854"]
[BlackFideId "14618583"]
[WhiteElo "2441"]
[BlackElo "2513"]
[Result "1-0"]
[Round "06"]
[TimeControl "180+2"]
[Date "2023.01.03"]
[WhiteClock "0:00:07"]
[BlackClock "0:01:04"]

1. d4 g6 2. c4 b6 3. Nc3 Bb7 4. e4 Bg7 5. Nf3 Nh6 6. Be2 O-O 7. O-O f5 8. e5 Nf7 9. d5 Nxe5 10. Nxe5 Bxe5 11. Bh6 Re8 12. Re1 e6 13. Qd2 Qh4 14. g3 Qf6 15. Bf3 Bxc3 16. bxc3 e5 17. Bg5 Qf7 18. h4 d6 19. h5 Nd7 20. hxg6 hxg6 21. Kg2 e4 22. Be2 Ne5 23. Rh1 Nf3 24. Qf4 Nxg5 25. Qxg5 f4 26. Bg4 f3+ 27. Kf1 Ba6 28. Rh6 Bxc4+ 29. Kg1 Re5 30. Rxg6+ Kf8 31. Qh6+ Ke8 32. Rg7 Bxd5 33. Rxf7 Kxf7 34. Bh5+ Ke7 35. Qg7+ Kd8 36. Qf8+ Kd7 37. Bg4+ Re6 38. Bxe6+ Kxe6 39. Qg7 c5 40. Re1 b5 41. g4 a5 42. Kh2 a4 43. Kg3 b4 44. c4 Bc6 45. Rh1 1-0


[Site "https://www.chess.com"]

[Event "Titled Tuesday Blitz January 03 Early 2023"]
[White "Matinian, Nikita"]
[Black "Ronka, Erik"]
[WhiteFideId "24129100"]
[BlackFideId "505080"]
[WhiteElo "2407"]
[BlackElo "2276"]
[Result "1-0"]
[Round "06"]
[TimeControl "180+2"]
[Date "2023.01.03"]
[WhiteClock "0:00:38"]
[BlackClock "0:00:03"]

1. e4 c5 2. Nc3 b6 3. g4 Bb7 4. Bg2 e6 5. Nge2 Qh4 6. Ng3 Nf6 7. Nb5 Na6 8. h3 d5 9. e5 Nd7 10. d4 cxd4 11. Qxd4 Bc5 12. Nd6+ Bxd6 13. exd6 Qf6 14. Qxf6 Nxf6 15. g5 Nd7 16. Be3 Rc8 17. c3 Nac5 18. O-O-O Ba6 19. f4 O-O 20. f5 Ne5 21. Bxc5 bxc5 22. Rhe1 Nd3+ 23. Rxd3 Bxd3 24. fxe6 fxe6 25. Rxe6 d4 26. Bd5 Kh8 27. d7 Rcd8 28. Bc6 Kg8 29. Ne4 Bxe4 30. Rxe4 g6 31. cxd4 cxd4 32. Rxd4 Kf7 33. Re4 1-0


[Site "https://www.chess.com"]

[Event "Titled Tuesday Blitz January 03 Early 2023"]
[White "Slade, Theodore"]
[Black "Rozman, Levy"]
[WhiteFideId "426547"]
[BlackFideId "2039877"]
[WhiteElo "1995"]
[BlackElo "2322"]
[Result "0-1"]
[Round "06"]
[TimeControl "180+2"]
[Date "2023.01.03"]
[WhiteClock "0:01:58"]
[BlackClock "0:02:47"]

1. d4 g6 2. c4 Bg7 3. e4 Nc6 4. Be3 e5 5. d5 Nd4 6. Ne2 c5 7. dxc6 dxc6 8. Nbc3 Ne7 9. Qd2 Be6 10. O-O-O c5 11. Nd5 O-O 12. Bh6 b5 13. Qf4 exf4 0-1


[Site "https://www.chess.com"]

[Event "Titled Tuesday Blitz January 03 Early 2023"]
[White "Patrascu, Catalin-Lucian"]
[Black "Skvortsov, Andrei"]
[WhiteFideId "1229052"]
[BlackFideId "24108600"]
[WhiteElo "2279"]
[BlackElo "2313"]
[Result "1/2-1/2"]
[Round "06"]
[TimeControl "180+2"]
[Date "2023.01.03"]
[WhiteClock "0:00:08"]
[BlackClock "0:00:13"]

1. e4 c5 2. Nf3 d6 3. d4 Nf6 4. Nc3 cxd4 5. Nxd4 g6 6. Be3 Bg7 7. f3 O-O 8. Qd2 d5 9. e5 Ne8 10. f4 f6 11. O-O-O fxe5 12. fxe5 Nc6 13. Nf3 Bg4 14. Nxd5 e6 15. Nf4 Qxd2+ 16. Rxd2 Nxe5 17. Nxe5 Bxe5 18. g3 Bf3 19. Rg1 Ng7 20. Bc4 Rfe8 21. Re1 a6 22. Bd4 Bxf4 23. gxf4 Bd5 24. Bxg7 Kxg7 25. Bxd5 exd5 26. Rxe8 Rxe8 27. Rxd5 Re1+ 28. Rd1 Re2 29. Rd7+ Kh6 30. Rxb7 Rxh2 31. b4 Rf2 32. Rf7 Re2 33. a4 Re4 34. c3 a5 35. Kc2 g5 36. fxg5+ Kg6 37. Rb7 axb4 38. Rxb4 Re2+ 39. Kd3 Ra2 40. Rg4 Kf5 41. Rg1 Rxa4 42. c4 Ke5 43. Re1+ Kf5 44. Rg1 Ke5 45. Kc3 Kd6 46. Kd4 Ra2 47. g6 hxg6 48. Rxg6+ Kc7 49. Kc5 Ra5+ 50. Kb4 Ra1 51. Kb5 Ra2 52. Rg7+ Kc8 53. Kc6 Ra6+ 54. Kb5 Rf6 55. Rh7 Rg6 56. Rh5 Rf6 57. Rc5+ Kb7 58. Rd5 Kc7 59. Kc5 Rg6 60. Rh5 Rc6+ 61. Kd5 Rd6+ 62. Ke4 Rg6 63. Kd4 Kc6 64. Rf5 Rg4+ 65. Kc3 Rg1 66. Rf3 Kc5 67. Rf5+ Kc6 68. Rf4 Kc5 69. Rf5+ Kc6 1/2-1/2


[Site "https://www.chess.com"]

[Event "Titled Tuesday Blitz January 03 Early 2023"]
[White "Antonica, Dragos-Andrei"]
[Black "Taboas Rodriguez, Daniel"]
[WhiteFideId "1246372"]
[BlackFideId "2208466"]
[WhiteElo "2373"]
[BlackElo "2371"]
[Result "1-0"]
[Round "06"]
[TimeControl "180+2"]
[Date "2023.01.03"]
[WhiteClock "0:00:15"]
[BlackClock "0:00:02"]

1. e4 e5 2. Bc4 Nf6 3. d3 Nc6 4. Nc3 Bc5 5. Nge2 d6 6. O-O Na5 7. Bb3 Nxb3 8. axb3 a6 9. h3 h6 10. Be3 Nd7 11. Qd2 O-O 12. f4 Bxe3+ 13. Qxe3 f5 14. Ng3 fxe4 15. Ncxe4 d5 16. Nd2 exf4 17. Rxf4 Rxf4 18. Qxf4 Nf6 19. Re1 c6 20. Nf3 Bd7 21. Ne5 Qb6+ 22. Kh2 Rf8 23. Nh5 Qc7 24. Nxf6+ Rxf6 25. Qg3 Bf5 26. Rf1 Qd6 27. c3 c5 28. d4 cxd4 29. cxd4 Be4 30. Rc1 Kh7 31. Rc8 Rf8 32. Rc1 Qe6 33. Rc7 Rg8 34. Rxb7 Qf6 35. Rf7 Qb6 36. Qe3 Qe6 37. Qf4 Qb6 38. Nd7 Qxd4 39. Nf6+ Kh8 40. Nxg8 Kxg8 41. Qc7 Kh7 42. Qc3 Qxc3 43. bxc3 a5 44. Ra7 Bc2 45. b4 axb4 46. cxb4 d4 47. Rd7 d3 48. b5 Ba4 49. Rd5 d2 50. b6 d1=Q 51. Rxd1 Bxd1 52. b7 1-0


[Site "https://www.chess.com"]

[Event "Titled Tuesday Blitz January 03 Early 2023"]
[White "Cella, Glaucio Dalla Cortt"]
[Black "Orozbaev, Eldiar"]
[WhiteFideId "2119455"]
[BlackFideId "13802240"]
[WhiteElo "1894"]
[BlackElo "2235"]
[Result "0-1"]
[Round "06"]
[TimeControl "180+2"]
[Date "2023.01.03"]
[WhiteClock "0:00:04"]
[BlackClock "0:00:16"]

1. e4 e6 2. d4 d5 3. Nd2 c5 4. Ngf3 Nc6 5. exd5 exd5 6. Bb5 Bd6 7. dxc5 Bxc5 8. O-O Ne7 9. Nb3 Bd6 10. Bd3 O-O 11. h3 Qc7 12. c3 h6 13. Nbd4 a6 14. Bc2 Ne5 15. Nxe5 Bxe5 16. Qd3 Ng6 17. Nf3 Rd8 18. Nxe5 Qxe5 19. Be3 Be6 20. Rae1 Qh5 21. f4 f5 22. Bb6 Rd6 23. Bc5 Rc6 24. Rxe6 Rxe6 25. Qxd5 Re8 26. Bb3 Kh7 27. Qxb7 Re1 28. Bd4 Rxf1+ 29. Kxf1 Qe2+ 30. Kg1 Qe7 31. Qxe7 Rxe7 32. g3 h5 33. Kf2 h4 34. Bc2 hxg3+ 35. Kxg3 Re2 36. Bxf5 Rxb2 37. Bxg6+ Kxg6 38. a4 Ra2 39. Kg4 Rxa4 40. f5+ Kf7 41. Kg5 Rc4 42. h4 a5 43. f6 gxf6+ 44. Bxf6 Rc5+ 45. Kh6 Kxf6 46. h5 Rxc3 47. Kh7 Rc5 48. h6 Rh5 49. Kg8 Rxh6 0-1


[Site "https://www.chess.com"]

[Event "Titled Tuesday Blitz January 03 Early 2023"]
[White "Girsh, Daniel"]
[Black "Abdilkhair, Abilmansur"]
[WhiteFideId "30949190"]
[BlackFideId "13716417"]
[WhiteElo "2123"]
[BlackElo "2268"]
[Result "0-1"]
[Round "06"]
[TimeControl "180+2"]
[Date "2023.01.03"]
[WhiteClock "0:00:19"]
[BlackClock "0:00:14"]

1. e4 e5 2. Nf3 Nc6 3. Bb5 a6 4. Ba4 Nf6 5. O-O b5 6. Bb3 Be7 7. Re1 d6 8. c3 O-O 9. h3 Na5 10. Bc2 c5 11. d4 Nc6 12. d5 Nb8 13. a4 b4 14. c4 Ne8 15. Nbd2 f5 16. exf5 Bxf5 17. Nf1 Nd7 18. Ng3 Bxc2 19. Qxc2 g6 20. Bh6 Rf7 21. Ne4 Nf8 22. Neg5 Rf5 23. h4 Ng7 24. Rad1 Qd7 25. Nd2 Bxg5 26. Bxg5 Nh5 27. Ne4 Kg7 28. Re3 h6 29. g4 Rxg5 30. hxg5 Qxg4+ 31. Rg3 Nxg3 32. gxh6+ Kxh6 33. Nxg3 Nh7 34. Kg2 Rf8 35. Rh1+ Kg7 36. Qe4 Rf4 37. Qe3 Ng5 38. b3 Rf3 39. Qd2 Rxb3 40. Re1 Rc3 41. Qe2 Qxe2 42. Rxe2 Rxc4 43. f3 Rc3 44. Rf2 b3 45. f4 Rxg3+ 46. Kxg3 Ne4+ 47. Kf3 Nxf2 48. fxe5 b2 49. exd6 b1=Q 50. d7 Qf5+ 51. Ke2 Qxd7 52. Kxf2 Qxd5 53. Kg3 Qe4 54. a5 Kf7 55. Kh3 Kf6 56. Kh2 Kf5 57. Kg1 Qc2 58. Kh1 Kf4 59. Kg1 Kg3 60. Kh1 Qb1# 0-1


[Site "https://www.chess.com"]

[Event "Titled Tuesday Blitz January 03 Early 2023"]
[White "Reprintsev, Alexander"]
[Black "Maksimovic, Bojan"]
[WhiteFideId "14100541"]
[BlackFideId "14408120"]
[WhiteElo "2253"]
[BlackElo "2486"]
[Result "1-0"]
[Round "06"]
[TimeControl "180+2"]
[Date "2023.01.03"]
[WhiteClock "0:00:09"]
[BlackClock "0:00:42"]

1. e4 g6 2. d4 Bg7 3. Nc3 d6 4. h4 h5 5. Nf3 a6 6. Ng5 b5 7. f3 Nf6 8. Be3 Nbd7 9. a4 b4 10. Ne2 Bb7 11. Nf4 e6 12. Nfxe6 fxe6 13. Nxe6 Qe7 14. Nxc7+ Kf7 15. Nxa8 Rxa8 16. Qd2 Bxe4 17. fxe4 Nxe4 18. Qd3 Ng3 19. Rh3 Nf5 20. Be2 Re8 21. Bg5 Bf6 22. Kf1 Bxg5 23. hxg5 Qxg5 24. Kg1 Nf6 25. Rf1 a5 26. Qc4+ Kg7 27. Bd3 Ne3 28. Qc7+ Kh6 29. Rf2 Nfg4 30. Re2 Nxg2 31. Rxe8 Qf4 32. Rh8+ Kg5 33. Qe7+ Nf6 34. Kxg2 Qd2+ 35. Qe2 Qf4 36. Rg3+ Ng4 37. Rxg4+ hxg4 38. Qe7+ Qf6 39. Qxf6+ Kxf6 40. Ra8 Ke6 41. Rxa5 g5 42. Rb5 d5 43. Rxb4 Kd6 44. Rb6+ Kc7 45. Rg6 g3 1-0


[Site "https://www.chess.com"]

[Event "Titled Tuesday Blitz January 03 Early 2023"]
[White "Blanco Acevedo, Cristobal Jose"]
[Black "Goltsev, Dmitry"]
[WhiteFideId "3900525"]
[BlackFideId "24176710"]
[WhiteElo "2310"]
[BlackElo "2269"]
[Result "0-1"]
[Round "06"]
[TimeControl "180+2"]
[Date "2023.01.03"]
[WhiteClock "0:00:09"]
[BlackClock "0:00:04"]

1. e4 e6 2. d4 d5 3. Nc3 c5 4. exd5 exd5 5. Nf3 Nf6 6. Bb5+ Nc6 7. O-O Be7 8. Ne5 Bd7 9. Nxd7 Qxd7 10. dxc5 O-O 11. b4 d4 12. Ne2 a5 13. Bb2 axb4 14. Nxd4 Qc8 15. Nxc6 bxc6 16. Bd3 Rd8 17. Qf3 Ra5 18. Rfe1 Qd7 19. Rad1 Nd5 20. c4 bxc3 21. Bxc3 Rxc5 22. Bb4 Nxb4 23. Bxh7+ Kf8 24. Rxd7 Rxd7 25. Bg6 Bf6 26. Qh3 Re5 27. Be4 Rd2 28. f3 Nd3 29. Rb1 Rxe4 30. Qh8+ Ke7 31. Rb7+ Kd6 32. Qf8+ Re7 33. Rxe7 Bxe7 34. Qb8+ Kd5 35. g3 Bc5+ 36. Kh1 Nf2+ 37. Kg2 Nd1+ 38. Kh3 Nc3 39. Qd8+ Bd6 40. Qg5+ Be5 41. Qxd2+ Kc4 42. Qc2 Bd4 43. Qb3+ Kd3 44. Qxf7 c5 45. Qf5+ Kd2 46. Qg5+ Kd3 47. Qf5+ Kd2 48. Qd7 Nd1 49. a4 Ke3 50. a5 g5 51. Kg4 c4 52. a6 c3 53. Qc6 Kd2 54. Qd5 Ne3+ 55. Kxg5 Nxd5 56. f4 c2 57. f5 c1=Q 58. Kh5 Qc7 59. g4 Qg7 60. h4 Nf4# 0-1


[Site "https://www.chess.com"]

[Event "Titled Tuesday Blitz January 03 Early 2023"]
[White "Liyanage, Ranindu Dilshan"]
[Black "Bettalli, Francesco"]
[WhiteFideId "9915834"]
[BlackFideId "2816453"]
[WhiteElo "2342"]
[BlackElo "2252"]
[Result "0-1"]
[Round "06"]
[TimeControl "180+2"]
[Date "2023.01.03"]
[WhiteClock "0:00:06"]
[BlackClock "0:00:14"]

1. e4 g6 2. d4 Bg7 3. Nc3 c6 4. Nf3 d6 5. a4 Nf6 6. Be2 O-O 7. O-O Nbd7 8. h3 e5 9. dxe5 dxe5 10. Be3 Qc7 11. a5 Rd8 12. Qc1 Nf8 13. Bh6 Be6 14. Qe3 Nh5 15. Bxg7 Kxg7 16. Ng5 Nf4 17. b4 h6 18. Nxe6+ N8xe6 19. Bc4 Nd4 20. Rac1 Qe7 21. g3 Nxh3+ 22. Kh2 Ng5 23. f4 Nge6 24. f5 Qg5 25. Qf2 Qh5+ 26. Kg2 Ng5 27. Rh1 Qf3+ 28. Qxf3 Ndxf3 29. Rcd1 Rd4 30. Be2 Nd2 31. Bd3 Nc4 32. Kf2 Rad8 33. Bxc4 Rxc4 34. Rxd8 Rxc3 35. fxg6 Nxe4+ 36. Kg2 Rxc2+ 37. Kf3 Kxg6 38. Kxe4 Rc4+ 39. Kd3 Rxb4 40. Rd6+ f6 41. Rf1 Rb3+ 42. Kc4 Rxg3 43. Rfxf6+ Kg7 44. Rxh6 e4 45. Rhe6 Kf7 46. Rxe4 Rg5 47. Rd7+ Kf6 48. Kb4 Rb5+ 49. Ka4 a6 50. Rb4 Rc5 51. Rdxb7 Ke6 52. R7b6 Kd5 53. Rxa6 Rc1 54. Ra8 c5 55. Rb3 Kc4 56. Rbb8 Ra1# 0-1


[Site "https://www.chess.com"]

[Event "Titled Tuesday Blitz January 03 Early 2023"]
[White "HSH1987"]
[Black "Krstic, Milos"]
[BlackFideId "954888"]
[WhiteElo "2675"]
[BlackElo "2183"]
[Result "1-0"]
[Round "06"]
[TimeControl "180+2"]
[Date "2023.01.03"]
[WhiteClock "0:00:34"]
[BlackClock "0:00:06"]

1. Nf3 d5 2. g3 Nf6 3. Bg2 Bf5 4. O-O c6 5. d3 h6 6. c4 e6 7. Be3 Nbd7 8. Qb3 Qc8 9. Nc3 Bh7 10. Rac1 dxc4 11. Qxc4 Be7 12. b4 O-O 13. b5 c5 14. Nd2 Rb8 15. a4 b6 16. a5 bxa5 17. Qa4 Qc7 18. Nc4 Ng4 19. Bf4 e5 20. Bd2 Nb6 21. Qxa5 Qd7 22. Qa2 Nxc4 23. dxc4 Nf6 24. Rfd1 Qc7 25. Ra1 Rfe8 26. Qxa7 Qc8 27. b6 e4 28. Qc7 Qe6 29. b7 Bd6 30. Qc6 Bf8 31. Qxe6 Rxe6 32. Rdb1 Bd6 33. Be3 Be5 34. Ra8 Ree8 35. Rxb8 Rxb8 36. Na4 Bd4 37. Nxc5 Bxc5 38. Bxc5 1-0


[Site "https://www.chess.com"]

[Event "Titled Tuesday Blitz January 03 Early 2023"]
[White "Csonka, Balazs"]
[Black "Mikhalsky, Vladimir"]
[WhiteFideId "742910"]
[BlackFideId "14144352"]
[WhiteElo "2496"]
[BlackElo "2219"]
[Result "1-0"]
[Round "06"]
[TimeControl "180+2"]
[Date "2023.01.03"]
[WhiteClock "0:00:04"]
[BlackClock "0:00:08"]

1. c4 c5 2. Nf3 Nf6 3. Nc3 d5 4. cxd5 Nxd5 5. e4 Nb4 6. Bc4 Nd3+ 7. Ke2 Nf4+ 8. Kf1 Ne6 9. b4 cxb4 10. Ne2 g6 11. Bb2 Bg7 12. Bxe6 Bxb2 13. Bxf7+ Kf8 14. Rb1 Bg7 15. Bd5 Nc6 16. d4 Bg4 17. Rb3 a5 18. h3 a4 19. hxg4 axb3 20. axb3 e5 21. dxe5 Nxe5 22. Ned4 Ra6 23. Rh3 h6 24. Nxe5 Bxe5 25. Rf3+ Ke8 26. Rd3 Qf6 27. Nc2 Ke7 28. Bc4 Rd6 29. Nxb4 Rhd8 30. Nd5+ Rxd5 31. Rxd5 Rxd5 32. Qxd5 Bd4 33. Qxb7+ Kf8 34. Qc8+ Kg7 35. Qg8# 1-0


[Site "https://www.chess.com"]

[Event "Titled Tuesday Blitz January 03 Early 2023"]
[White "Vysochin, Spartak"]
[Black "Averjanov, Alexey"]
[WhiteFideId "14103516"]
[BlackFideId "14109867"]
[WhiteElo "2512"]
[BlackElo "2399"]
[Result "0-1"]
[Round "06"]
[TimeControl "180+2"]
[Date "2023.01.03"]
[WhiteClock "0:00:03"]
[BlackClock "0:00:12"]

1. e4 c6 2. d4 d5 3. exd5 cxd5 4. Bd3 Nc6 5. c3 Nf6 6. h3 g6 7. Bf4 Bf5 8. Be2 h5 9. Nf3 Bg7 10. O-O O-O 11. Nbd2 Ne4 12. Re1 Qd7 13. Bb5 a6 14. Bxc6 Qxc6 15. Nxe4 Bxe4 16. Ng5 f6 17. Nxe4 dxe4 18. d5 Qc4 19. b3 Qxc3 20. Rc1 Qa5 21. Rxe4 Rad8 22. Rxe7 Rxd5 23. Qc2 Rf7 24. Qc8+ Bf8 25. Rxf7 Kxf7 26. Qxb7+ Kg8 27. Rc8 Rd1+ 28. Kh2 Qe1 29. Qxa6 h4 30. Qc4+ Kg7 31. Bh6+ Kxh6 32. Qxh4+ Kg7 33. Qc4 Qxf2 34. Qc7+ Kh6 35. Rxf8 Qg1+ 36. Kg3 Rd3+ 37. Kh4 Qf2+ 38. g3 g5+ 39. Kg4 Qf3# 0-1


[Site "https://www.chess.com"]

[Event "Titled Tuesday Blitz January 03 Early 2023"]
[White "Volkov, Maksim"]
[Black "Goncalves, Davi Sulzbacher"]
[WhiteFideId "54123070"]
[BlackFideId "2154510"]
[WhiteElo "2258"]
[BlackElo "2282"]
[Result "1-0"]
[Round "06"]
[TimeControl "180+2"]
[Date "2023.01.03"]
[WhiteClock "0:00:20"]
[BlackClock "0:00:20"]

1. d4 Nf6 2. c4 e6 3. g3 c5 4. d5 exd5 5. cxd5 g6 6. Nc3 Bg7 7. Bg2 O-O 8. Nf3 Re8 9. O-O Ne4 10. Nxe4 Rxe4 11. d6 Nc6 12. Bf4 Bxb2 13. Rb1 Bg7 14. Qd5 Rxf4 15. gxf4 b6 16. Ng5 Qf6 17. Rfd1 Bb7 18. e3 Re8 19. Ne4 Rxe4 20. Qxe4 Bf8 21. Qe8 Qe6 22. Qxe6 fxe6 23. a4 Kf7 24. Rb5 Na5 25. Rxa5 Bxg2 26. Rxa7 Bc6 27. a5 bxa5 28. Rxa5 c4 29. Rc5 Bd5 30. Rdxd5 exd5 31. Rxd5 c3 32. Rc5 Bg7 33. e4 Ke6 34. e5 Bh6 35. Rc4 Kf5 36. Kg2 Bxf4 37. e6 Kxe6 38. Rxf4 Kd5 39. Ra4 c2 40. Ra1 Kc4 41. Kf3 Kc3 42. Ke4 Kb2 43. Re1 c1=Q 44. Rxc1 Kxc1 45. Ke5 Kd2 46. Kf6 Ke2 47. Ke7 g5 48. Kxd7 g4 49. Ke7 Kxf2 50. d7 g3 51. hxg3 Kxg3 52. d8=Q h5 53. Qd1 h4 54. Qh1 h3 55. Kf6 Kg4 56. Qh2 Kh4 57. Kf5 Kh5 58. Qxh3# 1-0


[Site "https://www.chess.com"]

[Event "Titled Tuesday Blitz January 03 Early 2023"]
[White "Martynov, Pavel"]
[Black "Najdin, Danil"]
[WhiteFideId "4101260"]
[BlackFideId "4172426"]
[WhiteElo "2414"]
[BlackElo "2235"]
[Result "1-0"]
[Round "06"]
[TimeControl "180+2"]
[Date "2023.01.03"]
[WhiteClock "0:01:02"]
[BlackClock "0:00:03"]

1. e4 e5 2. Nf3 Nc6 3. Bb5 a6 4. Ba4 Nf6 5. d3 b5 6. Bb3 Bc5 7. c3 d6 8. h3 h6 9. Nbd2 Bb6 10. Nf1 Be6 11. Ng3 d5 12. Qe2 O-O 13. O-O Na5 14. Rd1 Nxb3 15. axb3 Nd7 16. b4 Re8 17. Be3 Qf6 18. Bxb6 Nxb6 19. d4 exd4 20. e5 Qe7 21. Nxd4 Bd7 22. f4 f6 23. Re1 fxe5 24. fxe5 Be6 25. b3 Rf8 26. Qh5 Nd7 27. Nc6 Qf7 28. Qxf7+ Rxf7 29. Ne2 Bf5 30. Ned4 Re8 31. Rxa6 Be4 32. e6 1-0


[Site "https://www.chess.com"]

[Event "Titled Tuesday Blitz January 03 Early 2023"]
[White "Sadovsky, Artem"]
[Black "Atakhan, Abtin"]
[WhiteFideId "4155840"]
[BlackFideId "22502203"]
[WhiteElo "2276"]
[BlackElo "2422"]
[Result "0-1"]
[Round "06"]
[TimeControl "180+2"]
[Date "2023.01.03"]
[WhiteClock "0:01:24"]
[BlackClock "0:00:25"]

1. Nf3 Nf6 2. e3 g6 3. b3 Bg7 4. Bb2 O-O 5. Be2 c5 6. O-O Nc6 7. c4 d5 8. cxd5 Qxd5 9. Nc3 Qf5 10. h3 Rd8 11. Qb1 b6 12. Qxf5 Bxf5 13. Rfd1 Bc2 14. Rdc1 Bd3 15. Bxd3 Rxd3 16. Kf1 Rad8 17. Ke2 Ne4 18. Nd1 Rxd2+ 19. Nxd2 Rxd2+ 20. Kf3 Bxb2 21. Nxb2 f5 22. Nd1 Ne5+ 23. Kf4 Nd3+ 24. Kf3 Ne1+ 25. Kf4 Rd5 26. h4 e5# 0-1


[Site "https://www.chess.com"]

[Event "Titled Tuesday Blitz January 03 Early 2023"]
[White "Ansh M Shah"]
[Black "Aloma Vidal, Robert"]
[WhiteFideId "25033379"]
[BlackFideId "2260409"]
[WhiteElo "2171"]
[BlackElo "2442"]
[Result "1-0"]
[Round "06"]
[TimeControl "180+2"]
[Date "2023.01.03"]
[WhiteClock "0:01:35"]
[BlackClock "0:00:24"]

1. d4 d5 2. c4 c6 3. cxd5 cxd5 4. Nc3 e6 5. Bf4 Bd6 6. Bxd6 Qxd6 7. e3 Ne7 8. f4 O-O 9. Nf3 f6 10. Bd3 Nbc6 11. O-O Bd7 12. Na4 Be8 13. Nc5 b6 14. Na4 Nb4 15. Bb1 Rc8 16. a3 Nbc6 17. Nc3 Na5 18. Bd3 Nc4 19. Bxc4 Rxc4 20. Rc1 a6 21. Qe2 b5 22. Nd2 Rc6 23. Nb3 Bg6 24. Nc5 Rcc8 25. b4 e5 26. fxe5 fxe5 27. Rxf8+ Rxf8 28. dxe5 Qc6 29. Rf1 Rxf1+ 30. Qxf1 h6 31. Qf4 Bf7 32. Ne2 Ng6 33. Qf5 Qe8 34. e6 1-0


[Site "https://www.chess.com"]

[Event "Titled Tuesday Blitz January 03 Early 2023"]
[White "Ingebretsen, Jens E"]
[Black "Yeritsyan, Hayk"]
[WhiteFideId "1522965"]
[BlackFideId "13307320"]
[WhiteElo "2342"]
[BlackElo "2241"]
[Result "0-1"]
[Round "06"]
[TimeControl "180+2"]
[Date "2023.01.03"]
[WhiteClock "0:00:29"]
[BlackClock "0:01:08"]

1. d4 Nf6 2. Nf3 e6 3. g3 d5 4. Bg2 Be7 5. O-O O-O 6. b3 c5 7. dxc5 Nc6 8. Bb2 Bxc5 9. Nbd2 a5 10. a3 b6 11. c4 Ba6 12. Qc2 Rc8 13. Rfd1 Qe7 14. e3 Rfd8 15. Ne5 Nxe5 16. Bxe5 Ng4 17. Bb2 Bxe3 18. fxe3 Nxe3 19. Qd3 Nxd1 20. Rxd1 dxc4 21. Qc3 Qg5 22. h4 Qh6 23. bxc4 Rxc4 24. Nxc4 Rxd1+ 25. Kh2 Bxc4 26. Qxc4 Qd2 27. Qc8+ Qd8 28. Qc3 f6 29. Qc4 Kf7 30. Qe2 Rd2 31. Qh5+ Kg8 32. Bc3 Rc2 33. Be1 Qa8 34. Kh3 Qxg2+ 35. Kg4 Qe2+ 36. Kh3 Qxh5 0-1


[Site "https://www.chess.com"]